 Dungeon Crawl Stone Soup version 0.28.0-53-g5a82cb258f (webtiles) character file.

Game seed: 10141110186784440523

8220 SanguineChosen the Basher (level 11, -2/68 HPs)
             Began as a Gargoyle Fighter on June 29, 2022.
             Slain by a komodo dragon (23 damage)
             ... on level 1 of the Lair of Beasts.
             The game lasted 00:55:55 (10781 turns).

SanguineChosen the Basher (Gargoyle Fighter)       Turns: 10781, Time: 00:55:57

Health: -2/68      AC: 23    Str: 31    XL:     11   Next: 27%
Magic:  11/11      EV: 11    Int:  8    God:
Gold:   574        SH:  5    Dex:  9    Spells: 10/10 levels left

rFire   . . .      SeeInvis .   t - +5 flail (vorpal)
rCold   . . .      Faith    .   c - +0 buckler
rNeg    + . .      Spirit   .   b - +0 scale mail
rPois   ∞          Reflect  .   p - +2 hat
rElec   +          Harm     .   a - +0 cloak
rCorr   .          Rampage  .   (no gloves)
Will    .....                   F - +2 pair of boots
Stlth   +.........              (no amulet)
HPRegen 0.21/turn               r - +6 ring of strength
MPRegen 0.12/turn               (no ring)

@: no status effects
A: sickness immunity, AC +8, negative energy resistance 1, electricity
resistance, torment resistance 1, petrification resistance
a: no special abilities


You were on level 1 of the Lair of Beasts.
You visited 2 branches of the dungeon, and saw 9 of its levels.

You collected 574 gold pieces.

Inventory:

Hand Weapons
 n - a +5 whip of pain
 t - a +5 vorpal flail (weapon)
 y - a +2 whip of venom
Missiles
 g - 4 curare-tipped darts
 x - 2 throwing nets
 E - 2 poisoned darts
Armour
 a - a +0 cloak (worn)
 b - a +0 scale mail (worn)
 c - a +0 buckler (worn)
 p - a +2 hat (worn)
 F - a +2 pair of boots (worn)
Jewellery
 d - a ring of ice
 j - a ring of fire
 o - a ring of magical power
 r - a +6 ring of strength (left hand)
Wands
 u - a wand of paralysis (16)
 G - a wand of acid (2) (quivered)
Scrolls
 i - a scroll of fear {unknown}
 l - a scroll of holy word {unknown}
 v - a scroll of amnesia {unknown}
 w - 4 scrolls of teleportation {unknown}
 A - 2 scrolls of torment {unknown}
Potions
 e - 3 potions of lignification
 f - a potion of magic {unknown}
 h - 3 potions of haste
 k - 2 potions of invisibility {unknown}
 s - a potion of resistance
 z - a potion of flight {unknown}
 B - 5 potions of brilliance {unknown}
 C - 2 potions of attraction {unknown}
 D - 2 potions of ambrosia {unknown}


   Skills:
 + Level 8.1 Fighting
 + Level 10.8 Maces & Flails
 + Level 10.0 Armour
 + Level 4.3 Dodging
 + Level 3.3 Stealth
 + Level 6.5 Shields
 + Level 1.1 Evocations


You had 10 spell levels left.
You didn't know any spells.
Your spell library contained the following spells:

 Spells                   Type           Power      Damage    Failure   Level
 Animate Skeleton         Necr           0%         N/A       69%         1
 Apportation              Tloc           0%         N/A       69%         1
 Summon Small Mammal      Summ           0%         N/A       69%         1
 Ozocubu's Armour         Ice            0%         N/A       96%         3
 Passage of Golubria      Tloc           0%         N/A       100%        4
 Silence                  Hex/Air        0%         N/A       100%        5
 Ozocubu's Refrigeration  Ice            0%         4d5       100%        7
 Lehudib's Crystal Spear  Conj/Erth      0%         10d2      100%        8


Dungeon Overview and Level Annotations

Branches:
Dungeon (8/15)             Temple (0/1) D:4            Lair (1/6) D:8

Altars:
Fedhas
Hepliaklqana
Nemelex Xobeh
Sif Muna

Shops:
D:4 [   D:5 :   D:7 :


Innate Abilities, Weirdness & Mutations

You are immune to sickness and miasma.
Your stone body is resilient. (AC +8)
You are immune to poison.
You resist negative energy. (rN+)
You are resistant to electric shocks. (rElec)
You are resistant to unholy torment.
You are immune to petrification.


Message History

You bludgeon the yak!!
The yak is almost dead.
The yak closely misses you.
The komodo dragon hisses menacingly.
The komodo dragon barely misses you. The yak gores you but does no damage.
You barely miss the yak.
The yak is almost dead.
The yak gores you but does no damage. The komodo dragon barely misses you.
The yak completely misses you.
You feel better. The yak gores you but does no damage.
The komodo dragon closely misses you. The yak gores you but does no damage.
You feel better. The yak gores you. The komodo dragon bites you.
* * * LOW HITPOINT WARNING * * *
The yak gores you but does no damage.
You sock the yak!
You kill the yak!
The komodo dragon closely misses you. The yak gores you.
* * * LOW HITPOINT WARNING * * *
Really quaff the potion of lignification?
Okay, then.
You feel better. You block the komodo dragon's attack.
The yak barely misses you.
Aiming: Paralyse
Press: ? - help, Q - select action, (/) - cycle Shift-Dir - straight line, f - yak
Aim: a yak (heavily wounded, chance to affect: 51%)
Okay, then.
The komodo dragon barely misses you.
You hit the komodo dragon.
The komodo dragon is heavily wounded.
The komodo dragon bites you but does no damage.
You barely miss the yak.
The yak is heavily wounded.
You bludgeon the yak!!
The yak is almost dead.
You block the yak's attack. You block the komodo dragon's attack.
You barely miss the yak.
The yak is almost dead.
The yak closely misses you. The komodo dragon bites you!!
You die...

................≈≈≈≈≈≈.≈≈≈≈....#
..............>†.≈≈≈≈≈≈≈≈≈≈....##
................≈≈≈≈≈≈≈≈≈≈.....#
................≈≈≈≈..≈≈.#....#
#...##+####..#...≈≈.P....#...## #
#...#........#.....#......#...#
###...#..............#.....##...#
##.............#Yl...#.....##..##
......#........P@....#......#...#
P##...#....................##..##
# #...#........#....##.....##..#
###............#....#......##..#
......#........#.......##.###..#
.......####.####....P#)#.####..#
...............................#
..............................}#
.#.................)......[....##


You could see a komodo dragon and a yak.

Vanquished Creatures
  Gastronok (Lair:1)
  Fannar (Lair:1)
  A two-headed ogre (D:8)
  2 komodo dragons (Lair:1)
  3 blink frogs (Lair:1)
  4 yaks (Lair:1)
  A basilisk (Lair:1)
  4 vampire mosquitoes (Lair:1)
  4 water moccasins
  Duvessa (D:4)
  A swamp drake (Lair:1)
  An ice beast (D:7)
  An ogre (D:5)
  3 sky beasts
  4 black bears (D:8)
  3 necrophages (D:7)
  2 centaurs
  9 bullfrogs
  A wyvern zombie (D:7)
  2 scorpions (D:5)
  A wyvern skeleton (D:6)
  A water moccasin skeleton (D:5)
  Dowan (D:4)
  3 wights (D:6)
  A bullfrog zombie (D:4)
  3 centaur zombies (D:7)
  A gnoll shaman (D:7)
  3 bullfrog skeletons
  2 hounds
  A jelly (D:7)
  2 iguanas (D:5)
  3 orc wizards
  A killer bee zombie (D:8)
  A howler monkey skeleton (D:7)
  7 gnolls
  13 adders
  A shadow imp (D:5)
  2 adder skeletons
  4 worms
  2 dart slugs
  27 orcs
  8 ball pythons
  8 bats
  5 endoplasms
  A giant cockroach (D:1)
  7 goblins
  13 hobgoblins
  A jackal (D:2)
  7 quokkas
  5 frilled lizards
  9 kobolds
  8 rats
  A bush (D:7)
202 creatures vanquished.

Vanquished Creatures (others)
  A bush (D:7)
  36 fungi
  63 plants
100 creatures vanquished.

Grand Total: 302 creatures vanquished

Notes
Turn   | Place    | Note
-------+----------+-------------------------------------------
     0 | D:1      | SanguineChosen the Gargoyle Fighter began the quest for the
                  | Orb.
     0 | D:1      | Reached XP level 1. HP: 14/14 MP: 1/1
   122 | D:1      | Found a faded altar of an unknown god.
   229 | D:1      | Reached XP level 2. HP: 19/19 MP: 2/2
   851 | D:1      | Reached XP level 3. HP: 24/24 MP: 3/3
  1872 | D:2      | Reached XP level 4. HP: 18/29 MP: 4/4
  2845 | D:3      | Reached XP level 5. HP: 29/33 MP: 5/5
  3277 | D:4      | Noticed Dowan
  3277 | D:4      | Noticed Duvessa
  3290 | D:4      | Killed Duvessa
  3291 | D:4      | Reached XP level 6. HP: 27/38 MP: 6/6
  3315 | D:4      | Killed Dowan
  3316 | D:4      | Reached skill level 1 in Dodging
  3606 | D:4      | Found a staircase to the Ecumenical Temple.
  3657 | D:4      | Found Heotox's Antique Armour Emporium.
  3667 | D:4      | Reached skill level 5 in Maces & Flails
  4334 | D:5      | Entered Level 5 of the Dungeon
  4361 | D:5      | Reached XP level 7. HP: 33/43 MP: 7/7
  4832 | D:5      | Reached skill level 5 in Armour
  4982 | D:5      | Reached skill level 1 in Stealth
  5566 | D:5      | Reached XP level 8. HP: 42/48 MP: 8/8
  5841 | D:5      | Found Aqaezuk's Book Shoppe.
  6020 | D:5      | Found a sparkling altar of Nemelex Xobeh.
  6751 | D:6      | Reached skill level 5 in Fighting
  7228 | D:6      | Found a shimmering blue altar of Sif Muna.
  7313 | D:7      | Reached skill level 5 in Shields
  7501 | D:7      | Found Lureil's Book Shop.
  7667 | D:7      | Reached XP level 9. HP: 49/54 MP: 9/9
  8027 | D:7      | Found a blossoming altar of Fedhas.
  9113 | D:8      | Found a staircase to the Lair.
  9116 | D:8      | Noticed a two-headed ogre
  9160 | D:8      | Killed a two-headed ogre
  9161 | D:8      | Reached XP level 10. HP: 38/61 MP: 10/10
  9474 | D:8      | Found a hazy altar of Hepliaklqana.
  9755 | Lair:1   | Entered Level 1 of the Lair of Beasts
 10091 | Lair:1   | Reached skill level 1 in Evocations
 10103 | Lair:1   | Noticed Fannar
 10125 | Lair:1   | Killed Fannar
 10241 | Lair:1   | Noticed Gastronok
 10266 | Lair:1   | Killed Gastronok
 10267 | Lair:1   | Reached skill level 10 in Maces & Flails
 10267 | Lair:1   | Reached XP level 11. HP: 48/67 MP: 11/11
 10761 | Lair:1   | Reached skill level 10 in Armour
 10781 | Lair:1   | Slain by a komodo dragon

Illustrated notes

Levels and vault maps discovered:
D:1:      dpeg_arrival_three_smaller_balls, layout_basic,
          hellmonk_ecumenical_altar_pennies_from_heaven
D:2:      layout_rooms, hangedman_feature_mirror
D:3:      layout_rooms, serial_bayou_lagoon_a, kennysheep_generic_room_5
D:4:      wander_river, layout_cave_pools, minmay_temple_entry_mist,
          serial_shops, shop_coins, uniq_duvessa
D:5:      layout_loops_ring, mainiacjoe_overflow_boulevard, serial_shops,
          nicolae_shop_statue_plus, serial_co_window_serial,
          co_window_of_opportunity_a, co_window_of_opportunity_a,
          co_window_cross_1, co_window_of_opportunity_a, co_window_paths_b,
          co_window_cross_1, co_window_corner_a, co_window_2corner,
          co_window_2corner, co_window_broadway_c, co_window_corner_b,
          co_window_of_opportunity_c, co_window_4corner_b, co_window_paths_d,
          glass_columns_a
D:6:      layout_basic, kennysheep_mini_moat, serial_curves, eino_curves_03,
          eino_curves_04, eino_curves_03, eino_curves_04
D:7:      layout_loops_ring, fedhas_altar_decomposition, serial_shops,
          nicolae_shop_advertising_works [nicolae_subvault_shop_adworks]
D:8:      layout_gridville, mainiacjoe_overflow_alcove_2,
          due_lair_maze_entry_diamond
Lair:1:   layout_regular_city, minmay_stone_trees_medium, pond, uniq_gastronok,
          uniq_fannar

Skill      XL: |  1  2  3  4  5  6  7  8  9 10 11 |
---------------+----------------------------------+-----
Maces & Flails | 3 4 5 6 7 9 10 | 10.8
Armour         | 4 5 6 8 9 10 | 10.0
Fighting       | 4 5 6 7 8 |  8.1
Dodging        | 1 2 3 4 |  4.3
Shields        | 4 5 6 |  6.5
Stealth        | 1 2 3 |  3.3
Evocations     | 1 |  1.1

Action                   |  1- 3 |  4- 6 |  7- 9 | 10-12 || total
-------------------------+-------+-------+-------+-------++-------
Melee: Flail             |   144 |   195 |   105 |   127 ||   571
       Whip              |       |       |   245 |       ||   245
Evoke: Wand              |       |       |     5 |     5 ||    10
  Use: Potion            |       |     1 |     2 |     8 ||    11
       Scroll            |       |     7 |     4 |     1 ||    12
 Stab: Paralysed         |       |       |     1 |       ||     1
Armor: Scale mail        |    76 |   102 |   155 |    68 ||   401
Dodge: Dodged            |    67 |    69 |   154 |    98 ||   388
Block: Buckler           |    32 |    35 |    79 |    31 ||   177
